 Dungeon Crawl Stone Soup version 0.19.0-24-gb05acd6 (webtiles) character file.

1073 Rrauwl the Basher (level 8, 0/81 HPs)
             Began as an Ogre Gladiator on Nov 21, 2016.
             Was an Initiate of Trog.
             Slain by a gnoll
             ... wielding a +0 spear
              (6 damage)
             ... on level 6 of the Dungeon.
             The game lasted 00:31:24 (4347 turns).

Rrauwl the Basher (Ogre Gladiator)                  Turns: 4347, Time: 00:31:25

Health: 0/81       AC:  4    Str: 21    XL:     8   Next: 29%
Magic:  2/2        EV:  8    Int:  9    God:    Trog [......]
Gold:   301        SH:  7    Dex: 10    Spells: 0 memorised, 7 levels left

rFire  + . .     SeeInvis .     y - +2 mace (antimagic)
rCold  x . .     Gourm    .     b - +0 robe
rNeg   . . .     Faith    .     e - +0 shield
rPois  .         Spirit   .     c - +0 hat
rElec  .         Reflect  .     g - +0 cloak
rCorr  .         Harm     .     (gloves unavailable)
MR     .....                    (boots unavailable)
Stlth  +.........               (no amulet)
                                (no ring)
                                d - ring of fire

@: no status effects
A: unfitting armour, tough skin 1
a: Burn Spellbooks, Renounce Religion


You were on level 6 of the Dungeon.
You worshipped Trog.
Trog was noncommittal.
You were not hungry.

You visited 1 branch of the dungeon, and saw 6 of its levels.

You collected 301 gold pieces.

Inventory:

Hand Weapons
 m - a +0 giant spiked club
 y - a +2 antimagic mace (weapon)
Missiles
 j - 4 large rocks (quivered)
Armour
 b - a +0 robe (worn)
 c - a +0 hat (worn)
 e - a +0 shield (worn)
 g - a +0 cloak (worn)
Jewellery
 d - a ring of fire (left hand)
Wands
 s - a wand of confusion (6/48)
Scrolls
 h - 2 scrolls of remove curse
 i - 5 scrolls of identify
 l - 3 scrolls of enchant weapon
 p - a scroll of fog
 q - 2 scrolls of amnesia
 t - a scroll of immolation
 w - 2 scrolls of teleportation
Potions
 k - a potion of curing
 n - 2 potions of mutation
Comestibles
 f - 3 meat rations
 r - 2 fruits
 v - a royal jelly
 x - 8 chunks of flesh


   Skills:
 + Level 5.5 Fighting
 + Level 9.5 Maces & Flails
 - Level 2.0 Throwing
 + Level 2.9 Armour
 + Level 4.5 Dodging


You had 7 spell levels left.
You didn't know any spells.

Dungeon Overview and Level Annotations

Branches:
Dungeon (6/15)
 Temple: D:4-7

Altars:
Elyvilon
Trog
Zin
The Shining One


Innate Abilities, Weirdness & Mutations

You are too large for most types of armour.
You have tough skin. (AC +1)


Message History

The spellbook bursts into flames.
Trog is delighted!
The gnoll is engulfed in roaring flames.
You kill the gnoll!
Trog accepts your kill.
Throwing (i - inventory. (,) - cycle):
o - a throwing net (quivered)
Press: ? - help, Shift-Dir - straight line, f - gnoll
Aim: a gnoll, wielding a spear You throw a throwing net.
The throwing net closely misses the gnoll.
The gnoll hits you but does no damage.
Your shield prevents you from hitting the gnoll.
The gnoll hits you with a spear.
* * * LOW HITPOINT WARNING * * *
You block the gnoll's attack.
Your shield prevents you from hitting the gnoll.
You block the gnoll's attack.
You barely miss the gnoll. The gnoll hits you with a spear!
* * * LOW HITPOINT WARNING * * *
You closely miss the gnoll. The gnoll hits you with a spear.
You die...

#(##### #.......... #.#
#>......... #.#
#..........
#.########..........
#.##.)..........!...
#g##.######.........
#.##.##.............
######.##....###.........
#).....g@...## ##########
#.......###..#
#.......#....#
#.......).<..#
#.......####.#
#............#
##############


You could see a gnoll.

Vanquished Creatures
  The ghost of loom the Slinger, a novice HaHu (D:5)
  2 ogres
  A bullfrog (D:6)
  A scorpion (D:3)
  The ghost of Vesto the Firebug, a weakling OpFE (D:3)
  A howler monkey (D:5)
  A centaur zombie (D:5)
  A centaur skeleton (D:4)
  4 worker ants
  An iguana (D:5)
  3 gnolls (D:6)
  4 adders
  An ooze (D:3)
  An adder skeleton (D:5)
  A worm (D:2)
  4 dart slugs
  6 leopard geckos
  8 orcs
  A ball python (D:3)
  9 bats
  2 giant cockroaches
  6 goblins (D:1)
  5 hobgoblins
  7 jackals
  5 quokkas
  9 frilled lizards
  5 kobolds
  5 rats
96 creatures vanquished.

Vanquished Creatures (others)
  A wizard (D:5)
1 creature vanquished.

Grand Total: 97 creatures vanquished

Notes
Turn   | Place    | Note
-------+----------+-------------------------------------------
     0 | D:1      | Rrauwl the Ogre Gladiator began the quest for the Orb.
     0 | D:1      | Reached XP level 1. HP: 22/22 MP: 1/1
     6 | D:1      | Noticed a komodo dragon
     6 | D:1      | Noticed a hound
     7 | D:1      | Noticed a polar bear
     7 | D:1      | Noticed a redback
   352 | D:1      | Reached XP level 2. HP: 20/29 MP: 2/2
   417 | D:1      | Reached skill level 5 in Maces & Flails
   787 | D:2      | Reached XP level 3. HP: 33/36 MP: 3/3
   969 | D:2      | Reached skill level 6 in Maces & Flails
  1141 | D:2      | Found a glowing silver altar of Zin.
  1143 | D:2      | Found a white marble altar of Elyvilon.
  1144 | D:2      | Found a glowing golden altar of the Shining One.
  1148 | D:2      | Gained mutation: You evolve. [potion of mutation]
  1148 | D:2      | Gained mutation: Your spells are a little harder to cast, but a little more powerful. [potion of mutation]
  1148 | D:2      | Gained mutation: You are agile. (Dex +2) [potion of mutation]
  1337 | D:3      | Noticed Vesto's ghost (weakling OpFE)
  1358 | D:3      | Killed Vesto's ghost
  1358 | D:3      | Reached XP level 4. HP: 36/44 MP: 4/4
  1424 | D:3      | Reached skill level 7 in Maces & Flails
  1445 | D:3      | Lost mutation: Your spells are a little harder to cast, but a little more powerful. [potion of cure mutation]
  1445 | D:3      | Lost mutation: You evolve. [potion of cure mutation]
  1445 | D:3      | Lost mutation: You are agile. (Dex +2) [potion of cure mutation]
  1655 | D:3      | HP: 2/44 [scorpion (6)]
  1656 | D:3      | Reached XP level 5. HP: 3/50 MP: 5/5
  1913 | D:3      | Reached skill level 8 in Maces & Flails
  2755 | D:4      | Reached XP level 6. HP: 59/61 MP: 6/6
  2860 | D:5      | Entered Level 5 of the Dungeon
  2896 | D:5      | Found a bloodstained altar of Trog.
  2898 | D:5      | Noticed loom's ghost (novice HaHu)
  2899 | D:5      | Noticed a wizard
  2928 | D:5      | Killed loom's ghost
  2928 | D:5      | Reached skill level 9 in Maces & Flails
  2928 | D:5      | Reached XP level 7. HP: 33/71 MP: 7/7
  2935 | D:5      | Became a worshipper of Trog the Wrathful
  2935 | D:5      | Killed a wizard
  3556 | D:5      | Reached skill level 5 in Fighting
  3599 | D:5      | Reached XP level 8. HP: 78/80 MP: 8/8
  4167 | D:6      | Noticed Sigmund
  4347 | D:6      | Slain by a gnoll

Skill      XL: |  1  2  3  4  5  6  7 |
---------------+----------------------+-----
Maces & Flails | 5 6 7 8 9 |  9.5
Fighting       | 3 4 5 |  5.5
Dodging        | 3 4 |  4.5
Armour         | 2 |  2.9
Throwing       | |  2.0

Action                   |  1- 3 |  4- 6 |  7- 9 || total
-------------------------+-------+-------+-------++-------
Melee: Flail             |   100 |   152 |    77 ||   329
       Mace              |       |       |    24 ||    24
Throw: Throwing net      |       |       |     1 ||     1
Invok: Burn Spellbooks   |       |       |     1 ||     1
Evoke: Wand              |       |       |     3 ||     3
  Use: Potion            |     4 |     5 |     1 ||    10
       Scroll            |     6 |     4 |     2 ||    12
 Stab: Sleeping          |       |     1 |       ||     1
       Confused          |       |       |     2 ||     2
  Eat: Chunk             |     1 |     2 |     1 ||     4
       Bread ration      |     1 |       |     1 ||     2
Armor: Robe              |    30 |    47 |    11 ||    88
Dodge: Dodged            |    33 |    31 |    24 ||    88
Block: Shield            |    30 |    52 |    28 ||   110
